 Dungeon Crawl Stone Soup version 0.30-a0-779-g7971cf19c3 (webtiles) character file.

Game seed: 10519759474503512802

2177 Ghostmaker01 the Magician (level 9, -11/70 HPs)
             Began as a Gnoll Warper on Feb 16, 2023.
             Was a Believer of Sif Muna.
             Killed from afar by a steam dragon (14 damage)
             ... with a ball of steam
             ... on level 8 of the Dungeon on Feb 17, 2023.
             The game lasted 00:34:11 (8696 turns).

Ghostmaker01 the Magician (Gnoll Warper)            Turns: 8696, Time: 00:34:12

Health: -11/70     AC: 12    Str: 14    XL:     9   Next: 33%
Magic:  0/19       EV: 18    Int: 13    God:    Sif Muna [**....]
Gold:   371        SH:  0    Dex: 12    Spells: 17/21 levels left

rFire   . . .      SeeInvis .    a - +3 hand axe
rCold   . . .      Faith    .    (no shield)
rNeg    . . .      Spirit   +    q - +3 leather armour
rPois   .          Reflect  .    (no helmet)
rElec   .          Harm     .    m - +0 cloak
rCorr   .          Rampage  .    t - +0 pair of gloves
Will    .....                    u - +2 pair of boots
Stlth   ++                       A - amulet of guardian spirit
HPRegen 0.31/turn                E - +5 ring of evasion
MPRegen 0.16/turn                (no ring)

@: about to teleport
A: fangs 1, strong nose, distributed training
a: Renounce Religion, Channel Magic


You were on level 8 of the Dungeon.
You worshipped Sif Muna.
Sif Muna was pleased with you.
You visited 1 branch of the dungeon, and saw 8 of its levels.
You also visited: Sewer.

You collected 371 gold pieces.

Inventory:

Hand Weapons
 a - a +3 hand axe (weapon)
Missiles
 d - 10 boomerangs of dispersal
 r - 5 boomerangs
 G - 7 poisoned darts
 I - 2 throwing nets
Armour
 m - a +0 cloak (worn)
 q - a +3 leather armour (worn)
 t - a +0 pair of gloves (worn)
 u - a +2 pair of boots (worn)
 J - a +0 animal skin
Magical Staves
 l - a staff of cold
Jewellery
 A - an amulet of guardian spirit (around neck)
 E - a +5 ring of evasion (left hand)
Wands
 y - a wand of polymorph (5)
 C - a wand of digging (5)
 K - a wand of light (8)
Scrolls
 c - a scroll of blinking
 e - 2 scrolls of magic mapping
 i - 2 scrolls of noise
 n - a scroll of immolation {unknown}
 o - 2 scrolls of poison
 p - a scroll of vulnerability
 w - 2 scrolls of amnesia
 x - 2 scrolls of summoning
 D - a scroll of fog {unknown}
 F - a scroll of fear {unknown}
 H - 3 scrolls of identify
Potions
 b - 2 potions of mutation {unknown}
 f - 6 potions of curing
 g - 2 potions of flight
 h - 5 potions of haste
 j - 3 potions of heal wounds {unknown}
 k - 2 potions of brilliance {unknown}
 s - a potion of might {unknown}
 v - 2 potions of resistance {unknown}
 z - a potion of degeneration {unknown}


   Skills:
 + Level 6.3 Fighting
 + Level 4.3 Short Blades
 + Level 4.3 Long Blades
 + Level 6.3 Axes
 + Level 4.3 Maces & Flails
 + Level 4.3 Polearms
 + Level 4.3 Staves
 + Level 4.3 Ranged Weapons
 + Level 5.1 Throwing
 + Level 5.1 Armour
 + Level 6.3 Dodging
 + Level 4.3 Stealth
 + Level 4.3 Shields
 + Level 4.3 Unarmed Combat
 + Level 6.7 Spellcasting
 + Level 3.5 Conjurations
 + Level 3.5 Hexes
 + Level 3.5 Summonings
 + Level 3.5 Necromancy
 + Level 6.6 Translocations
 + Level 3.5 Transmutations
 + Level 3.5 Fire Magic
 + Level 3.5 Ice Magic
 + Level 3.5 Air Magic
 + Level 3.5 Earth Magic
 + Level 3.5 Poison Magic
 + Level 4.7 Invocations
 + Level 4.3 Evocations


You had 17 spell levels left.
You knew the following spells:

 Your Spells              Type           Power      Damage    Failure   Level
a - Lesser Beckoning      Tloc           42%        N/A       1%          2
b - Blink                 Tloc           42%        N/A       1%          2

Your spell library contained the following spells:

 Spells                   Type           Power      Damage    Failure   Level
 Teleport Other           Tloc           21%        N/A       3%          3
 Freeze                   Ice            52%        1d6       4%          1
 Magic Dart               Conj           52%        1d5       4%          1
 Summon Small Mammal      Summ           52%        N/A       4%          1
 Searing Ray              Conj           26%        2d5       7%          2
 Vhi's Electric Charge    Tloc/Air       34%        N/A       7%          3
 Manifold Assault         Tloc           21%        N/A       13%         4
 Call Canine Familiar     Summ           13%        N/A       14%         3
 Frozen Ramparts          Ice            26%        1d4       14%         3
 Hailstorm                Conj/Ice       13%        3d5       14%         3
 Ozocubu's Armour         Ice            13%        N/A       14%         3
 Summon Guardian Golem    Hex/Summ       13%        N/A       14%         3
 Fulminant Prism          Conj/Hex       6%         3d7       41%         4
 Ice Form                 Ice/Tmut       13%        N/A       41%         4
 Summon Ice Beast         Ice/Summ       13%        N/A       41%         4
 Metabolic Englaciation   Hex/Ice        6%         N/A       77%         5
 Simulacrum               Ice/Necr       6%         N/A       100%        6


Dungeon Overview and Level Annotations

Branches:
Dungeon (8/15)             Temple (0/1) D:4           Sewer (visited)
   Lair: D:8-11

Altars:
Gozag
Makhleb
Nemelex Xobeh
Okawaru
Qazlal
Sif Muna
Trog
Uskayaw
Xom

Shops:
D:1 =   D:2 *   D:4 *[   D:5 (


Innate Abilities, Weirdness & Mutations

You have very sharp teeth.
Your uncanny sense of smell can sniff out nearby items.
Your experience applies equally to all skills.


Message History

The steam dragon is severely wounded.
The orc priest mumbles some strange prayers to Beogh against you.
Beogh smites you!
* * * LOW HITPOINT WARNING * * *
The steam dragon completely misses you. The steam dragon misses you.
You hit the steam dragon but do no damage.
The steam dragon is severely wounded.
The steam dragon completely misses you. The steam dragon claws you.
* * * LOW HITPOINT WARNING * * *
You feel better. The steam dragon breathes steam at you.
The ball of steam misses you.
You are engulfed in a cloud of scalding steam.
The steam dragon breathes steam at you. The ball of steam misses you.
You are engulfed in a cloud of scalding steam.
* * * LOW HITPOINT WARNING * * *
You are too injured to fight recklessly!
You are too injured to fight recklessly!
You barely miss the steam dragon.
The steam dragon is severely wounded.
The steam dragon bites you but does no damage.
The steam dragon claws you.
* * * LOW HITPOINT WARNING * * *
You hit the steam dragon.
You bite the steam dragon, but do no damage.
The steam dragon is almost dead.
The steam dragon breathes steam at you. The ball of steam hits you!
* * * LOW HITPOINT WARNING * * *
As you read the scroll of teleportation, it crumbles to dust.
You feel strangely unstable.
You are engulfed in a cloud of scalding steam.
* * * LOW HITPOINT WARNING * * *
The steam dragon misses you. The steam dragon completely misses you.
You are engulfed in a cloud of scalding steam.
* * * LOW HITPOINT WARNING * * *
The steam dragon breathes steam at you. The ball of steam hits you!
You die...

........##.......#
.....)..##############.#
..o~~................#.#
....~..).###########.#.#
.........# #.#.#
........o# #.#.#
#####.##)# #.#.#
#..)o######### #.#>#
#...oD§@.§§... #.#.#####
#....##..§#### #.......#
#....####..# #.......#
#....# #..# #.......#
###### #..# #.......#
#.#.#.......#
#.#.#.....###
#.........# ##...#.#####


You could see a steam dragon (catching breath), an orc priest and an orc.

Vanquished Creatures
  A water moccasin (D:7)
  An orc warrior (D:8)
  2 sky beasts
  2 black bears
  An ogre (D:5)
  A centaur (D:6)
  A phantom (D:3)
  2 kobold brigands
  5 scorpions
  A necrophage (D:5)
  3 wights (D:7)
  5 hounds (D:5)
  A jelly (D:6)
  6 orc priests
  5 iguanas
  6 adders
  3 river rats (Sewer)
  3 shadow imps
  A white imp (D:7)
  An ufetubus (D:4)
  5 worms
  A dart slug (D:1)
  16 orcs
  2 ball pythons
  6 bats
  5 endoplasms
  6 giant cockroaches
  9 goblins
  8 hobgoblins
  3 jackals (D:2)
  17 kobolds
  4 quokkas
  7 frilled lizards
  5 rats
145 creatures vanquished.

Vanquished Creatures (others)
  An orc (D:8)
1 creature vanquished.

Grand Total: 146 creatures vanquished

Notes
Turn   | Place    | Note
-------+----------+-------------------------------------------
     0 | D:1      | Ghostmaker01 the Gnoll Warper began the quest for the Orb.
     0 | D:1      | Reached XP level 1. HP: 20/20 MP: 6/6
    22 | D:1      | Found Qonleup's Jewellery Shop.
   223 | D:1      | Reached XP level 2. HP: 21/26 MP: 7/7
   440 | D:1      | Reached skill level 5 in Spellcasting
   440 | D:1      | Reached XP level 3. HP: 29/31 MP: 7/9
   674 | D:1      | Learned a level 2 spell: Lesser Beckoning
   872 | D:2      | Reached skill level 1 in Invocations
   986 | D:2      | Learned a level 1 spell: Freeze
   993 | D:2      | Found Ofett's Assorted Antiques.
  1106 | D:2      | Reached skill level 1 in Short Blades
  1106 | D:2      | Reached skill level 1 in Long Blades
  1106 | D:2      | Reached skill level 1 in Maces & Flails
  1106 | D:2      | Reached skill level 1 in Polearms
  1106 | D:2      | Reached skill level 1 in Staves
  1106 | D:2      | Reached skill level 1 in Ranged Weapons
  1106 | D:2      | Reached skill level 1 in Stealth
  1106 | D:2      | Reached skill level 1 in Shields
  1106 | D:2      | Reached skill level 1 in Unarmed Combat
  1106 | D:2      | Reached skill level 1 in Evocations
  1137 | D:2      | Found a shimmering altar of Xom.
  1910 | D:3      | Found an opulent altar of Gozag.
  1962 | D:3      | Reached XP level 4. HP: 35/38 MP: 8/11
  2102 | D:3      | Found a shimmering blue altar of Sif Muna.
  2146 | D:3      | Became a worshipper of Sif Muna the Loreminder
  2437 | D:3      | Noticed a phantom
  2477 | D:3      | Killed a phantom
  2478 | D:3      | Reached skill level 1 in Conjurations
  2478 | D:3      | Reached skill level 1 in Hexes
  2478 | D:3      | Reached skill level 1 in Summonings
  2478 | D:3      | Reached skill level 1 in Necromancy
  2478 | D:3      | Reached skill level 1 in Transmutations
  2478 | D:3      | Reached skill level 1 in Fire Magic
  2478 | D:3      | Reached skill level 1 in Ice Magic
  2478 | D:3      | Reached skill level 1 in Air Magic
  2478 | D:3      | Reached skill level 1 in Earth Magic
  2478 | D:3      | Reached skill level 1 in Poison Magic
  2478 | D:3      | Reached XP level 5. HP: 36/43 MP: 12/12
  3099 | D:4      | Reached XP level 6. HP: 50/50 MP: 13/13
  3112 | D:4      | Found Zaicsun's Armour Shop.
  3150 | D:4      | Found a staircase to the Ecumenical Temple.
  3175 | D:4      | Found a glowing drain.
  3186 | Sewer    | Entered a sewer
  3448 | Sewer    | Reached skill level 5 in Fighting
  3448 | Sewer    | Reached skill level 5 in Axes
  3448 | Sewer    | Reached skill level 5 in Dodging
  3599 | Sewer    | Reached * piety under Sif Muna
  4110 | Sewer    | Upgraded the game from 0.30-a0-778-g2ef04afb54 to
                  | 0.30-a0-779-g7971cf19c3
  4359 | D:4      | Found Xuijits's Gadget Gallery.
  4485 | D:4      | Learned a level 2 spell: Blink
  4726 | D:4      | Found an iron altar of Okawaru.
  4904 | D:5      | Entered Level 5 of the Dungeon
  4904 | D:5      | Found Ixariam's Weapon Emporium.
  5045 | D:5      | Reached XP level 7. HP: 56/56 MP: 13/15
  5974 | D:6      | Reached XP level 8. HP: 24/63 MP: 16/16
  6543 | D:6      | Found a burning altar of Makhleb.
  6546 | D:6      | Noticed an Executioner
  6759 | D:6      | Found a sparkling altar of Nemelex Xobeh.
  6994 | D:7      | HP: 3/64 [orc priest/divine providence (11)]
  7364 | D:7      | Reached ** piety under Sif Muna
  7470 | D:7      | Reached XP level 9. HP: 67/69 MP: 18/18
  7898 | D:7      | Reached skill level 5 in Throwing
  7898 | D:7      | Reached skill level 5 in Armour
  8225 | D:7      | Found a bloodstained altar of Trog.
  8466 | D:8      | Found a hide-covered altar of Uskayaw.
  8529 | D:8      | Found a stormy altar of Qazlal.
  8696 | D:8      | HP: 3/70 [steam dragon] (3)]
  8696 | D:8      | Killed from afar by a steam dragon

Illustrated notes

Levels and vault maps discovered:
D:1:      tarquinn_simple_flora_water_c, layout_loops_ring, serial_shops, shop
D:2:      layout_basic, basic_altar, serial_shops, nicolae_shop_hallway_plus,
          serial_bayou_lake_a
D:3:      layout_basic, lemuel_round_altar, nicolae_sif_muna_condensation,
          minivault_11
D:4:      layout_gridville, kennysheep_okawaru_gauntlet,
          minmay_temple_entry_grid, serial_shops, kennysheep_little_box,
          portal_sewer_entry_d, nicolae_shop_gadgets
D:5:      layout_basic, serial_shops, nicolae_shop_hallway_stairs,
          ebering_dispersal_statue_hall
D:6:      layout_loops_ring, general_overflow_altar, makhleb_altar_promises_db,
          grunt_ministairs_10, minmay_strange_pillars
D:7:      layout_loops_ring, trog_hazing_becter
D:8:      layout_basic, chequers_temple_overflow_statue_of_worship,
          gammafunk_ghost_nasty_kobolds

Skill      XL: |  1  2  3  4  5  6  7  8  9 |
---------------+----------------------------+-----
Spellcasting   | 5 6 |  6.7
Invocations    | 1 2 3 4 |  4.7
Short Blades   | 1 2 3 4 |  4.3
Long Blades    | 1 2 3 4 |  4.3
Maces & Flails | 1 2 3 4 |  4.3
Polearms       | 1 2 3 4 |  4.3
Staves         | 1 2 3 4 |  4.3
Ranged Weapons | 1 2 3 4 |  4.3
Stealth        | 1 2 3 4 |  4.3
Shields        | 1 2 3 4 |  4.3
Unarmed Combat | 1 2 3 4 |  4.3
Evocations     | 1 2 3 4 |  4.3
Throwing       | 3 4 5 |  5.1
Armour         | 3 4 5 |  5.1
Conjurations   | 1 2 3 |  3.5
Hexes          | 1 2 3 |  3.5
Summonings     | 1 2 3 |  3.5
Necromancy     | 1 2 3 |  3.5
Transmutations | 1 2 3 |  3.5
Fire Magic     | 1 2 3 |  3.5
Ice Magic      | 1 2 3 |  3.5
Air Magic      | 1 2 3 |  3.5
Earth Magic    | 1 2 3 |  3.5
Poison Magic   | 1 2 3 |  3.5
Fighting       | 5 6 |  6.3
Axes           | 5 6 |  6.3
Dodging        | 5 6 |  6.3
Translocations | 6 |  6.6

Action                     |  1- 3 |  4- 6 |  7- 9 || total
---------------------------+-------+-------+-------++-------
  Melee: Hand axe          |   132 |   259 |   430 ||   821
         Bite              |    20 |    34 |    42 ||    96
         Staff             |    11 |       |       ||    11
         Punch             |     3 |     4 |    12 ||    19
   Cast: Lesser Beckoning  |    12 |    21 |    22 ||    55
    Use: Scroll            |       |    14 |     2 ||    16
         Potion            |       |     3 |     3 ||     6
   Stab: Sleeping          |     2 |       |       ||     2
 Armour: Leather armour    |    35 |   110 |   162 ||   307
         Ring mail         |     3 |       |       ||     3
  Dodge: Dodged            |    84 |   168 |   352 ||   604

Table legend: (Time is in decaauts)
 A = Elapsed time spent in this place.
 B = Non-inter-level travel time spent in this place.
 C = Inter-level travel time spent in this place.
 D = Time resting spent in this place.
 E = Time spent auto-exploring this place.
 F = Levels seen in this place.
 G = Mean time per level.
                   A        B        C        D        E       F      G
               +--------+--------+--------+--------+--------+-----+--------+
         Total |   8865 |   8519 |    346 |    684 |   5499 |   9 |  985.0 |
       Dungeon |   7684 |   7338 |    346 |    169 |   5209 |   8 |  960.5 |
         Sewer |   1180 |   1180 |      0 |    515 |    289 |   1 | 1180.0 |
               +--------+--------+--------+--------+--------+-----+--------+

Top non-repeatable levels by time:
     D:7: 1279 daAuts
     D:6: 1210 daAuts
   Sewer: 1180 daAuts
     D:5: 1057 daAuts
     D:4: 1022 daAuts
     D:3: 1008 daAuts
     D:2: 990 daAuts
     D:1: 862 daAuts
     D:8: 254 daAuts
